 Dungeon Crawl Stone Soup version 0.23-a0-619-g281719c (webtiles) character file.

46 Gorice the Magician (level 3, 0/26 HPs)
             Began as a Ghoul Wanderer on Dec 22, 2018.
             Slain by a gnoll
             ... wielding a +0 halberd
              (6 damage)
             ... on level 2 of the Dungeon.
             The game lasted 00:05:34 (1007 turns).

Gorice the Magician (Ghoul Wanderer)                Turns: 1007, Time: 00:05:34

Health: 0/26       AC:  9    Str: 15    XL:     3   Next: 66%
Magic:  7/7        EV:  3    Int:  6    God:
Gold:   106        SH:  0    Dex: 10    Spells: 9/9 levels left

rFire    . . .     SeeInvis .     - Unarmed
rCold    + . .     Gourm    .   (no shield)
rNeg     + + +     Faith    .   j - +0 chain mail
rPois    ∞         Spirit   .   (no helmet)
rElec    .         Reflect  .   k - +0 cloak
rCorr    .         Harm     .   (no gloves)
MR       .....                  (no boots)
Stlth    ..........             (no amulet)
HPRegen  0.00/turn              (no ring)
MPRegen  0.10/turn              (no ring)

@: rotting, constricted
A: rotting body, claws 1, carnivore, cold resistance 1, negative energy
resistance 3, inhibited regeneration, torment resistance, unbreathing
a: no special abilities


You were on level 2 of the Dungeon.
You were not hungry.

You visited 1 branch of the dungeon, and saw 2 of its levels.

You collected 106 gold pieces.

Inventory:

Hand Weapons
 b - a +2 blowgun
Missiles
 a - 3 curare-tipped needles
 Y - 37 stones (quivered)
Armour
 d - a +0 robe
 j - a +0 chain mail (worn)
 k - a +0 cloak (worn)
 l - a +0 pair of gloves
Scrolls
 c - a scroll of random uselessness {unknown}
 e - 5 scrolls of identify {unknown}
 g - 4 scrolls of remove curse {unknown}
 h - 2 scrolls of teleportation {unknown}
Comestibles
 f - 4 rations
 i - a chunk of flesh


   Skills:
 - Level 1.0 Throwing
 + Level 0.5 Armour
 - Level 1.1 Stealth
 * Level 3.3 Unarmed Combat
 - Level 3.6 Spellcasting
   Level 1.0 Charms
   Level 1.0 Transmutations
   Level 1.0 Fire Magic
   Level 1.1 Ice Magic


You had 9 spell levels left.
You didn't know any spells.
Your spell library contained the following spells:

 Spells                   Type           Power        Failure   Level  Hunger
 Blink                    Tloc           N/A          100%        2    ###....
 Shroud of Golubria       Chrm/Tloc      #.........   100%        2    ###....


Dungeon Overview and Level Annotations

Branches:
Dungeon (2/15)

Altars:


Innate Abilities, Weirdness & Mutations

Your body is rotting away.
You thrive on raw meat.
You are immune to poison.
You have sharp fingernails.
You are carnivorous and can eat meat at any time.
Your flesh is cold resistant. (rC+)
You are immune to negative energy. (rN+++)
You do not regenerate when monsters are visible.
You are immune to unholy pain and torment.
You can survive without breathing.


Message History

You see here a gnoll skeleton.
Eat one of 6 chunks of flesh? (ye/n/q)
You eat one of the 6 chunks of flesh.
You feel more resilient.
This raw flesh tastes great!
Eat one of 5 chunks of flesh? (ye/n/q)
You eat one of the 5 chunks of flesh.
This raw flesh tastes great!
Eat one of 4 chunks of flesh? (ye/n/q)
You eat one of the 4 chunks of flesh.
This raw flesh tastes great!
There is a stone staircase leading down here.
You climb downwards.
The gnoll hits you with a +0 halberd!
There is a stone staircase leading up here.
Damage: 9 (max 9) Unknown command.
The ball python bites you but does no damage.
The ball python grabs you.
You stop ascending the stairs.
The ball python constricts you. The gnoll hits you with a +0 halberd!
* * * LOW HITPOINT WARNING * * *
Damage: 9 (max 9) Unknown command.
You escape the ball python's grasp.
The gnoll barely misses you.
You closely miss the ball python.
The ball python bites you but does no damage.
The ball python grabs you.
* * * LOW HITPOINT WARNING * * *
The ball python constricts you. The gnoll hits you but does no damage.
Damage: 1 (max 9) Unknown command.
Eat one of 3 chunks of flesh? (ye/n/q)
You eat one of the 3 chunks of flesh.
This raw flesh tastes great!
The ball python barely misses you. The ball python constricts you.
The gnoll hits you from afar with a +0 spear.
* * * LOW HITPOINT WARNING * * *
Unknown command.
You scratch the ball python.
The ball python is heavily wounded.
The ball python bites you but does no damage.
The ball python constricts you.
The gnoll hits you from afar with a +0 halberd.
* * * LOW HITPOINT WARNING * * *
The ball python bites you but does no damage.
The ball python constricts you.
The gnoll hits you from afar with a +0 spear.
* * * LOW HITPOINT WARNING * * *
Damage: 9 (max 9) Unknown command.
Unknown command.
Eat one of 2 chunks of flesh? (ye/n/q)
You eat one of the 2 chunks of flesh.
This raw flesh tastes great!
The gnoll hits you from afar with a +0 halberd.
You die...

........#
#'####### #'####
.....# .....#
.....#######
............
......############
....).# ###...gS@#
......# #...#.g..#
......# #.########
..g...###........#
#+###.S.S#######.#
#.# #....# #.# #.#
#....# #.# #.#
#....# #.# #.#
#....# #.#


You could see 2 gnolls and a ball python.

Vanquished Creatures
  A gnoll (D:1)
  A worm (D:2)
  A leopard gecko (D:2)
  A giant cockroach (D:1)
  6 goblins
  3 hobgoblins
  4 jackals (D:1)
  A quokka (D:2)
  4 bats
  5 frilled lizards
  2 kobolds
  2 rats
31 creatures vanquished.

Notes
Turn   | Place    | Note
-------+----------+-------------------------------------------
     0 | D:1      | Gorice the Ghoul Wanderer began the quest for the Orb.
     0 | D:1      | Gorice set off with the following items: 3 curare-tipped
                  | needles, a +2 blowgun, a +0 robe, a ration; and the
                  | following spells available to memorise: Shroud of Golubria,
                  | Blink
     0 | D:1      | Reached XP level 1. HP: 14/14 MP: 4/4
   111 | D:1      | Reached skill level 1 in Unarmed Combat
   146 | D:1      | Reached XP level 2. HP: 8/20 MP: 5/5
   160 | D:1      | HP: 4/20 [jackal (3)]
   167 | D:1      | HP: 6/20 [jackal (3)]
   171 | D:1      | Reached skill level 2 in Unarmed Combat
   658 | D:2      | Reached XP level 3. HP: 21/26 MP: 7/7
   771 | D:2      | Reached skill level 3 in Unarmed Combat
  1004 | D:2      | HP: 7/26 [ball python (1)]
  1006 | D:2      | HP: 2/26 [gnoll/+0 spear (6)]
  1007 | D:2      | Slain by a gnoll

Vault maps used:
D:1:      wander_arrival_lonely_grave, minmay_strange_pillars
D:2:      overflow_temple_1_default, uniq_crazy_yiuf_cottage

Skill      XL: |  1  2  3 |
---------------+----------+-----
Unarmed Combat | 1 2 3 |  3.3
Throwing       | |  1.0
Armour         | |  0.5
Stealth        | |  1.1
Spellcasting   | |  3.6
Charms         | |  1.0
Transmutations | |  1.0
Fire Magic     | |  1.0
Ice Magic      | |  1.1

Action                   || total
-------------------------++-------
Melee: Unarmed           ||   140
       Punch             ||     1
 Stab: Sleeping          ||     1
  Eat: Chunk             ||    20
Armor: Robe              ||    10
       Chain mail        ||    55
Dodge: Dodged            ||    83

Table legend:
 A = Non-vault XP
 B = Vault XP
 C = Vault XP percentage of total XP
 D = Non-vault monster count
 E = Vault monster count
 F = Vault count percentage of total count
                 A         B        C        D         E       F
            +---------+---------+-------+---------+---------+-------
      Total |      66 |       0 |   0.0 |      31 |       0 |   0.0
            +---------+---------+-------+---------+---------+-------
        D:1 |      42 |       0 |   0.0 |      19 |       0 |   0.0
        D:2 |      24 |       0 |   0.0 |      12 |       0 |   0.0
            +---------+---------+-------+---------+---------+-------

Table legend:
 A = Turns spent in this place as a percentage of turns spent in the entire game.
 B = Non-inter-level travel turns spent in this place as a percentage of non-inter-level travel turns spent in the entire game.
 C = Inter-level travel turns spent in this place as a percentage of turns spent in this place.
 D = Turns resting spent in this place as a percentage of non-inter-level travel turns spent in this place.
 E = Turns spent auto-exploring this place as a percentage of non-inter-level travel turns spent in this place.
 F = Non-inter-level travel turns spent in this place divided by the number of levels of this place that you've seen.
                   A       B       C       D       E      F
               +-------+-------+-------+-------+-------+----------------------
         Total | 100.0 | 100.0 |   1.7 |   0.0 |  50.7 | 495.0
       Dungeon | 100.0 | 100.0 |   1.7 |   0.0 |  50.7 | 495.0
               +-------+-------+-------+-------+-------+----------------------

Vault maps used:
D:1:      wander_arrival_lonely_grave, minmay_strange_pillars
D:2:      overflow_temple_1_default, uniq_crazy_yiuf_cottage
